 Dungeon Crawl Stone Soup version 0.25-a0-743-g84dc20635f (webtiles) character file.

Game seed: 8229978261686899786, levelgen mode: deterministic

11 Chiseanne the Magician (level 2, -3/19 HPs)
             Began as a Demonspawn Wizard on Apr 13, 2020.
             Slain by a hobgoblin
             ... wielding a +0 mace
              (7 damage)
             ... on level 1 of the Dungeon.
             The game lasted 00:01:02 (326 turns).

Chiseanne the Magician (Demonspawn Wizard)           Turns: 326, Time: 00:01:03

Health: -3/19      AC:  2    Str:  7    XL:     2   Next: 13%
Magic:  1/6        EV: 12    Int: 19    God:
Gold:   13         SH:  0    Dex: 11    Spells: 6/7 levels left

rFire    . . .     SeeInvis .   f - +0 dagger
rCold    . . .     Gourm    .   (no shield)
rNeg     . . .     Faith    .   a - +0 robe
rPois    .         Spirit   .   b - +0 hat
rElec    .         Reflect  .   (no cloak)
rCorr    .         Harm     .   (no gloves)
MR       .....                  (no boots)
Stlth    ++........             (no amulet)
HPRegen  0.06/turn              (no ring)
MPRegen  0.10/turn              (no ring)

@: no status effects
A: rot immunity
a: no special abilities


You were on level 1 of the Dungeon.
You were not hungry.

You visited 1 branch of the dungeon, and saw 1 of its levels.

You collected 13 gold pieces.

Inventory:

Hand Weapons
 f - a +0 dagger (weapon)
Missiles
 i - 17 sling bullets
Armour
 a - a +0 robe (worn)
 b - a +0 hat (worn)
Scrolls
 c - a scroll of enchant armour {unknown}
 e - a scroll of enchant weapon {unknown}
Potions
 h - a potion of flight {unknown}
Comestibles
 d - 3 rations


   Skills:
 - Level 1.7 Dodging
 - Level 1.7 Stealth
 * Level 3.2 Spellcasting
 * Level 1.7 Conjurations
   Level 1.0 Summonings
   Level 0.8 Translocations


You had 6 spell levels left.
You knew the following spells:

 Your Spells              Type           Power        Failure   Level  Hunger
a - Magic Dart            Conj           #...         8%          1    None

Your spell library contained the following spells:

 Spells                   Type           Power        Failure   Level  Hunger
 Blink                    Tloc           N/A          16%         2    ##.....
 Call Imp                 Summ           #.......     16%         2    ##.....
 Slow                     Hex            #.......     22%         2    ##.....
 Conjure Flame            Conj/Fire      #.......     30%         3    ###....
 Mephitic Cloud           Conj/Pois/Air  #.......     34%         3    ###....


Dungeon Overview and Level Annotations

Branches:
Dungeon (1/15)

Altars:


Innate Abilities, Weirdness & Mutations

You are immune to rotting.


Message History

The magic dart hits the hobgoblin.
The hobgoblin is severely wounded.
The hobgoblin hits you with a +0 mace.
* * * LOW HITPOINT WARNING * * *
Casting: Magic Dart (safe; 8% risk of failure)
Confirm with . or Enter, or press ? or * to list all spells.
You don't have enough magic to cast that spell.
Casting: Magic Dart (safe; 8% risk of failure)
Confirm with . or Enter, or press ? or * to list all spells.
You don't have enough magic to cast that spell.
Casting: Magic Dart (safe; 8% risk of failure)
Confirm with . or Enter, or press ? or * to list all spells.
You don't have enough magic to cast that spell.
You hit the hobgoblin but do no damage.
The hobgoblin is severely wounded.
The hobgoblin closely misses you.
You barely miss the hobgoblin.
The hobgoblin is severely wounded.
The hobgoblin hits you with a +0 mace!
You die...

. .. . ... #.. ....
....######.....
#..........#...
#......... #.
####.#..############
##.
#.g@.####...........
#.. #.####
.###...###.
###..#####†#
##.....###
#....#g....#
##...>...## #.
##..#####..
##.........#
####..#.....##..
##...........
#.....#....##..
##......#.....
#.......##..
##......###....
#..##...##.#
##......## ##...


You could see a hobgoblin.

Vanquished Creatures
  A giant cockroach (D:1)
  A goblin (D:1)
  2 hobgoblins (D:1)
  A ball python (D:1)
  2 bats (D:1)
  2 frilled lizards (D:1)
  2 rats (D:1)
11 creatures vanquished.

Notes
Turn   | Place    | Note
-------+----------+-------------------------------------------
     0 | D:1      | Chiseanne the Demonspawn Wizard began the quest for the
                  | Orb.
     0 | D:1      | Reached XP level 1. HP: 13/13 MP: 4/4
   268 | D:1      | Gained mutation: You are immune to rotting. [demonic
                  | ancestry]
   268 | D:1      | Reached XP level 2. HP: 17/19 MP: 0/6
   326 | D:1      | Slain by a hobgoblin

Levels and vault maps discovered:
D:1:      dpeg_arrival_central, layout_rooms

Action                   || total
-------------------------++-------
Melee: Dagger            ||    34
 Cast: Magic Dart        ||    19
Armor: Robe              ||     7
Dodge: Dodged            ||    30

Table legend:
 A = Non-vault XP
 B = Vault XP
 C = Vault XP percentage of total XP
 D = Non-vault monster count
 E = Vault monster count
 F = Vault count percentage of total count
                 A         B        C        D         E       F
            +---------+---------+-------+---------+---------+-------
      Total |      16 |       0 |   0.0 |      11 |       0 |   0.0
            +---------+---------+-------+---------+---------+-------
        D:1 |      16 |       0 |   0.0 |      11 |       0 |   0.0
            +---------+---------+-------+---------+---------+-------
